 Dungeon Crawl Stone Soup version 0.29-a0-330-g52719c12eb (webtiles) character file.

Game seed: 10724763147479014711

1568 HoaS the Quickloader (level 9, -1/56 HPs)
             Began as a Kobold Hunter on May 18, 2022.
             Was a Follower of Cheibriados.
             Slain by an unseen horror (5 damage)
             ... on level 6 of the Dungeon.
             The game lasted 00:20:10 (6198 turns).

HoaS the Quickloader (Kobold Hunter)                Turns: 6198, Time: 00:20:10

Health: -1/56      AC:  9    Str: 17    XL:     9   Next: 13%
Magic:  0/11       EV: 18    Int: 13    God:    Cheibriados [*.....]
Gold:   215        SH:  0    Dex: 26    Spells: 8/8 levels left

rFire   + . .      SeeInvis .   a - +2 hand crossbow (vorpal)
rCold   . . .      Faith    .   (no shield)
rNeg    . . .      Spirit   +   s - +3 leather armour
rPois   .          Reflect  .   (no helmet)
rElec   .          Harm     .   (no cloak)
rCorr   .          Rampage  .   (no gloves)
Will    .....                   k - +2 pair of boots
Stlth   +++.......              i - amulet of guardian spirit
HPRegen 0.18/turn               h - ring of protection from fire
MPRegen 0.12/turn               p - +6 ring of strength

@: invisible, very slow
A: small, no large weapons, nightstalker 3
a: Renounce Religion, Bend Time


You were on level 6 of the Dungeon.
You worshipped Cheibriados.
Cheibriados was aware of your devotion.
You visited 2 branches of the dungeon, and saw 7 of its levels.
You also visited: Sewer.

You collected 215 gold pieces.

Inventory:

Hand Weapons
 a - a +2 vorpal hand crossbow (weapon)
Armour
 k - a +2 pair of boots (worn)
 s - a +3 leather armour (worn)
Jewellery
 b - a ring of see invisible
 h - a ring of protection from fire (left hand)
 i - an amulet of guardian spirit (around neck)
 p - a +6 ring of strength (right hand)
Wands
 f - a wand of mindburst (8)
 j - a wand of digging (7)
 u - a wand of iceblast (15)
Scrolls
 c - a scroll of immolation
 e - 2 scrolls of teleportation
 l - a scroll of enchant armour
 n - a scroll of blinking
Potions
 d - a potion of invisibility
 g - 3 potions of curing
 m - a potion of magic {unknown}
 o - 3 potions of lignification
 q - a potion of attraction {unknown}


   Skills:
 * Level 6.4 Fighting
 - Level 10.0 Crossbows
 + Level 2.9 Armour
 + Level 5.2 Dodging
 - Level 1.3 Stealth
 + Level 3.9 Invocations


You had 8 spell levels left.
You didn't know any spells.
Your spell library contained the following spells:

 Spells                   Type           Power      Damage    Failure   Level
 Summon Forest            Summ/Tloc      0%         N/A       100%        5
 Eringya's Noxious Bog    Tmut/Pois      0%         N/A       100%        6
 Summon Hydra             Summ           0%         N/A       100%        7


Dungeon Overview and Level Annotations

Branches:
Dungeon (6/15)             Temple (1/1) D:4           Sewer (visited)

Altars:
Ashenzari
Cheibriados
Dithmenos
Elyvilon
Fedhas
Gozag
Kikubaaqudgha
Makhleb
Nemelex Xobeh
Okawaru
Qazlal
Ru
Sif Muna
Trog
Uskayaw
Vehumet
Wu Jian
Yredelemnul
Zin
The Shining One


Innate Abilities, Weirdness & Mutations

You are small and have problems with some larger weapons.
You are completely attuned to the shadows.


Message History

The steam dragon breathes steam at you. The ball of steam misses you.
Shoot: a) +2 hand crossbow (vorpal)
Press: ? - help, Q - select action, (/) - cycle Shift-Dir - straight line, f/p - steam dragon
Aim: a steam dragon (heavily wounded, can't see you, catching its breath, 74% to hit)
You shoot a bolt. The bolt hits the steam dragon!
The steam dragon is almost dead.
The steam dragon bites you. The steam dragon claws you.
* * * LOW HITPOINT WARNING * * *
Shoot: a) +2 hand crossbow (vorpal)
Press: ? - help, Q - select action, (/) - cycle Shift-Dir - straight line, f/p - steam dragon
Aim: a steam dragon (almost dead, can't see you, catching its breath, 74% to hit)
You shoot a bolt. The bolt hits the steam dragon!
You kill the steam dragon!
Cheibriados thoroughly appreciates the change of pace.
The steam dragon scales are intact enough to wear.
Something hits you.
* * * LOW HITPOINT WARNING * * *
Something barely misses you.
Things that are here:
+0 steam dragon scales; a steam dragon corpse Shoot: a) +2 hand crossbow (vorpal)
Press: ? - help, Q - select action, (/) - cycle Shift-Dir - straight line You shoot a bolt.
Something hits you.
* * * LOW HITPOINT WARNING * * *
Shoot: a) +2 hand crossbow (vorpal)
Press: ? - help, Q - select action, (/) - cycle Shift-Dir - straight line You shoot a bolt.
Something hits you but does no damage. Something hits you!
* * * LOW HITPOINT WARNING * * *
Shoot: a) +2 hand crossbow (vorpal)
Press: ? - help, Q - select action, (/) - cycle Shift-Dir - straight line You shoot a bolt.
Something hits you but does no damage.
Shoot: a) +2 hand crossbow (vorpal)
Press: ? - help, Q - select action, (/) - cycle Shift-Dir - straight line You shoot a bolt.
Something hits you.
You die...

#................
#................
#.....###.!......
#....##.##..####.
##...#S)?#.#####.
##....##)##.......
#.)#'###+#........
#[##..##.# #....
#@#Y..){#' ##.#.
#.#).$.##) Y#.#.
..##).###. h#...
#...####.#. #...
..#......## #...
.... .... ####


You could see a sky beast (wandering, can't see you).

Vanquished Creatures
  Sigmund (D:4)
  A steam dragon (D:6)
  A water moccasin (D:6)
  2 black bears
  An ice beast (D:5)
  An ogre (D:5)
  A phantom (D:6)
  A bullfrog (D:6)
  2 scorpions (D:5)
  A wight (D:6)
  2 howler monkeys
  3 hounds
  An orc priest (D:5)
  2 iguanas
  3 orc wizards
  A hell rat (Sewer)
  2 gnolls
  4 adders
  A worm (D:2)
  2 dart slugs (D:1)
  15 orcs
  6 endoplasms
  4 giant cockroaches
  5 goblins
  10 hobgoblins
  4 jackals (D:1)
  8 quokkas
  12 ball pythons
  3 bats
  11 frilled lizards
  9 kobolds
  10 rats
130 creatures vanquished.

Notes
Turn   | Place    | Note
-------+----------+-------------------------------------------
     0 | D:1      | HoaS the Kobold Hunter began the quest for the Orb.
     0 | D:1      | Reached XP level 1. HP: 12/12 MP: 1/1
    83 | D:1      | Reached XP level 2. HP: 17/17 MP: 2/2
   204 | D:1      | Reached skill level 6 in Crossbows
   291 | D:1      | Found a faded altar of an unknown god.
   498 | D:1      | Reached XP level 3. HP: 20/21 MP: 3/3
  1109 | D:2      | Found a radiant altar of Vehumet.
  1248 | D:2      | Reached skill level 7 in Crossbows
  1367 | D:2      | Reached XP level 4. HP: 26/26 MP: 4/4
  2228 | D:3      | Reached XP level 5. HP: 7/30 MP: 5/5
  2396 | D:3      | Reached skill level 8 in Crossbows
  2441 | D:3      | Found a glowing drain.
  2449 | Sewer    | Entered a sewer
  2900 | D:3      | Noticed a black bear
  2907 | D:3      | Killed a black bear
  2908 | D:3      | Reached skill level 9 in Crossbows
  2908 | D:3      | Reached XP level 6. HP: 10/35 MP: 6/6
  3317 | D:4      | Found a staircase to the Ecumenical Temple.
  3336 | Temple   | Entered the Ecumenical Temple
  3625 | Temple   | Became a worshipper of Cheibriados the Contemplative
  3881 | D:4      | Identified the +0 robe of the Transmuting Gods {rN+ Dex+2
                  | Slay-5}
  3989 | D:4      | Noticed Sigmund
  3995 | D:4      | Killed Sigmund
  3996 | D:4      | Reached skill level 10 in Crossbows
  3996 | D:4      | Reached skill level 1 in Invocations
  3996 | D:4      | Reached XP level 7. HP: 29/40 MP: 3/7
  4364 | D:4      | Reached skill level 1 in Armour
  4584 | D:5      | Entered Level 5 of the Dungeon
  4861 | D:5      | Reached * piety under Cheibriados
  4998 | D:5      | Found a sparkling altar of Nemelex Xobeh.
  5197 | D:5      | Reached XP level 8. HP: 48/48 MP: 9/9
  5542 | D:5      | Reached skill level 5 in Fighting
  6189 | D:6      | Reached skill level 5 in Dodging
  6189 | D:6      | Reached XP level 9. HP: 14/55 MP: 4/11
  6198 | D:6      | Slain by an unseen horror

Illustrated notes

Levels and vault maps discovered:
D:1:      saegor_arrival_simple_b, layout_loops_ring,
          dreamdust_ecumenical_altar_hidden_monk_grotto, feat_on_display
D:2:      layout_loops_corners, basic_altar
D:3:      minmay_octagon_keep, layout_basic, portal_sewer_entry_b, st_stairs_6
D:4:      layout_gridville, minmay_temple_entry_statues_fountains,
          grunt_ministairs_13, minmay_misc_feat_square, uniq_sigmund
D:5:      layout_layer_cave, nemelex_dance_club_becter
D:6:      layout_gridville, minmay_joined_circles
Temple:   mainiacjoe_temple_bowtie_tessellation

Skill      XL: |  1  2  3  4  5  6  7  8 |
---------------+-------------------------+-----
Crossbows      | 6 7 9 10 | 10.0
Invocations    | 1 2 3 |  3.9
Fighting       | 4 6 |  6.4
Dodging        | 3 5 |  5.2
Armour         | 1 2 |  2.9
Stealth        | |  1.3

Action                   |  1- 3 |  4- 6 |  7- 9 || total
-------------------------+-------+-------+-------++-------
Melee: Hand crossbow     |       |       |     2 ||     2
 Fire: Hand crossbow     |    75 |   126 |   155 ||   356
Evoke: Wand              |       |     1 |       ||     1
  Use: Scroll            |       |     9 |     5 ||    14
       Potion            |       |       |     1 ||     1
Armor: Leather armour    |    12 |       |    21 ||    33
       Ring mail         |     1 |    25 |       ||    26
       Robe              |       |       |     6 ||     6
Dodge: Dodged            |    25 |    44 |    83 ||   152

Table legend: (Time is in decaauts)
 A = Elapsed time spent in this place.
 B = Non-inter-level travel time spent in this place.
 C = Inter-level travel time spent in this place.
 D = Time resting spent in this place.
 E = Time spent auto-exploring this place.
 F = Levels seen in this place.
 G = Mean time per level.
                   A        B        C        D        E       F      G
               +--------+--------+--------+--------+--------+-----+--------+
         Total |   6962 |   6517 |    445 |    825 |   4731 |   8 |  870.2 |
       Dungeon |   6445 |   6071 |    374 |    714 |   4434 |   6 | 1074.2 |
        Temple |    321 |    251 |     70 |      0 |    238 |   1 |  321.0 |
         Sewer |    195 |    195 |      0 |    111 |     59 |   1 |  195.0 |
               +--------+--------+--------+--------+--------+-----+--------+

Top non-repeatable levels by time:
     D:5: 1824 daAuts
     D:3: 1269 daAuts
     D:4: 1098 daAuts
     D:2: 1077 daAuts
     D:1: 928 daAuts
  Temple: 321 daAuts
     D:6: 247 daAuts
   Sewer: 195 daAuts
